 Dungeon Crawl Stone Soup version 0.29-a0-1052-g6990b1bffc (webtiles) character file.

Game seed: 1758476060753396858

79 ragingrage the Chopper (level 4, -1/39 HPs)
             Began as a Minotaur Delver on Aug 17, 2022.
             Slain by a water moccasin (2 damage)
             ... on level 5 of the Dungeon.
             The game lasted 00:00:54 (225 turns).

ragingrage the Chopper (Minotaur Delver)             Turns: 225, Time: 00:00:54

Health: -1/39      AC:  3    Str: 18    XL:     4   Next: 17%
Magic:  3/3        EV: 12    Int:  7    God:
Gold:   0          SH:  0    Dex: 12    Spells: 3/3 levels left

rFire   . . .      SeeInvis .   a - +0 hand axe
rCold   . . .      Faith    .   (no shield)
rNeg    . . .      Spirit   .   b - +0 leather armour
rPois   .          Reflect  .   (helmet restricted)
rElec   .          Harm     .   (no cloak)
rCorr   .          Rampage  .   (no gloves)
Will    .....                   (no boots)
Stlth   ++........              (no amulet)
HPRegen 0.13/turn               (no ring)
MPRegen 0.08/turn               (no ring)

@: lethally poisoned (-1 -> -29), hasted, very quick
A: horns 2, retaliatory headbutt
a: no special abilities


You were on level 5 of the Dungeon.
You visited 1 branch of the dungeon, and saw 2 of its levels.

Inventory:

Hand Weapons
 a - a +0 hand axe (weapon)
Armour
 b - a +0 leather armour (worn)
Wands
 g - a wand of digging (3)
 h - a wand of charming (2)
Scrolls
 c - a scroll of fog
 d - a scroll of magic mapping
 e - a scroll of fear


   Skills:
 - Level 3.6 Fighting
 + Level 5.4 Axes
 - Level 2.1 Dodging
 - Level 4.1 Stealth


You had 3 spell levels left.
You didn't know any spells.
Your spell library was empty.

Dungeon Overview and Level Annotations

Branches:
Dungeon (6/15)
 Temple: D:4-7

Altars:

Annotations:
D:5 exclusion: water moccasin


Innate Abilities, Weirdness & Mutations

You have a pair of horns on your head.
You reflexively headbutt those who attack you in melee.


Message History

A water moccasin is nearby!
An orc comes into view. It is wielding a +0 dagger.
Aiming: Charm
Press: ? - help, Shift-Dir - straight line, f - orc
Aim: an orc, wielding a +0 dagger and wearing a +0 ring mail (asleep, chance to affect: 66%)
The orc shouts!
The orc is charmed.
The water moccasin attacks as you move away!
The water moccasin bites you.
You swap places.
The water moccasin barely misses your orc.
The water moccasin bites your orc.
The water moccasin bites your orc but does no damage.
The water moccasin bites your orc.
Your orc dies!
The water moccasin bites you but does no damage.
You closely miss the water moccasin. The water moccasin bites you.
You are poisoned.
The water moccasin poisons you!
You miss the water moccasin.
Your headbutt misses the water moccasin.
You feel very sick.
The water moccasin bites you but does no damage.
The water moccasin bites you.
You are lethally poisoned!
The water moccasin poisons you!
You miss the water moccasin.
You feel very sick. The water moccasin closely misses you.
You feel yourself speed up.
You feel very sick. The water moccasin bites you!
* * * LOW HITPOINT WARNING * * *
You are more poisoned.
The water moccasin poisons you!
You barely miss the water moccasin.
* * * LOW HITPOINT WARNING * * *
You feel very sick. The water moccasin bites you.
You die...

#..# ##..###
#..# ##..##
#..######...#
###....##...##
##..........##
##..........##
#..........##
##......S...#
#......@...##
##########.#
#.# #.# #.# .#


You could see a water moccasin.

Vanquished Creatures
  A necrophage (D:5)
  3 jackals (D:5)
4 creatures vanquished.

Vanquished Creatures (collateral kills)
  2 gnolls (D:6)
2 creatures vanquished.

Vanquished Creatures (others)
  An orc (D:5)
1 creature vanquished.

Grand Total: 7 creatures vanquished

Notes
Turn   | Place    | Note
-------+----------+-------------------------------------------
     0 | D:5      | ragingrage the Minotaur Delver began the quest for the Orb.
     0 | D:5      | Reached XP level 1. HP: 19/19 MP: 0/0
     4 | D:5      | Noticed a water moccasin
    19 | D:6      | Noticed a bullfrog
    22 | D:6      | Noticed a gnoll bouda
    31 | D:6      | Reached skill level 3 in Axes
    31 | D:6      | Reached XP level 2. HP: 20/26 MP: 1/1
   130 | D:5      | Reached skill level 4 in Axes
   131 | D:5      | Noticed a necrophage
   144 | D:5      | Killed a necrophage
   145 | D:5      | Reached skill level 5 in Axes
   145 | D:5      | Reached XP level 3. HP: 22/31 MP: 2/2
   145 | D:5      | Reached XP level 4. HP: 27/39 MP: 3/3
   225 | D:5      | HP: 1/39 [poisoned by a water moccasin]
   225 | D:5      | Slain by a water moccasin

Illustrated notes

Levels and vault maps discovered:
D:5:      layout_cave_pods, serial_park_tiny_1, kennysheep_generic_room_2,
          uniq_duvessa, uniq_pikel
D:6:      layout_cave_pools, minmay_hedge_maze, minmay_starry_boxes,
          uniq_eustachio, uniq_blork_the_orc

Skill      XL: |  1  2 |
---------------+-------+-----
Axes           | 3 5 |  5.4
Fighting       | |  3.6
Dodging        | |  2.1
Stealth        | |  4.1

Action                   |  1- 3 |  4- 6 || total
-------------------------+-------+-------++-------
Melee: Hand axe          |    12 |     4 ||    16
       Headbutt          |     3 |       ||     3
Evoke: Wand              |     2 |     1 ||     3
  Use: Potion            |       |     1 ||     1
Armor: Leather armour    |     5 |     2 ||     7
Dodge: Dodged            |     6 |     1 ||     7

Table legend: (Time is in decaauts)
 A = Elapsed time spent in this place.
 B = Non-inter-level travel time spent in this place.
 C = Inter-level travel time spent in this place.
 D = Time resting spent in this place.
 E = Time spent auto-exploring this place.
 F = Levels seen in this place.
 G = Mean time per level.
                   A        B        C        D        E       F      G
               +--------+--------+--------+--------+--------+-----+--------+
         Total |    227 |    227 |      0 |    131 |     11 |   2 |  113.5 |
       Dungeon |    227 |    227 |      0 |    131 |     11 |   2 |  113.5 |
               +--------+--------+--------+--------+--------+-----+--------+

Top non-repeatable levels by time:
     D:5: 203 daAuts
     D:6: 24 daAuts
